 Dungeon Crawl Stone Soup version 0.30.0-29-ga12c61a403 (webtiles) character file.

Game seed: 11034966916166657436

251 qw the Shield-Bearer (level 6, -2/37 HPs)
             Began as a Gargoyle Fighter on June 5, 2023.
             Killed by divine providence
             ... invoked by an orc priest
              (13 damage)
             ... on level 3 of the Dungeon.
             The game lasted 00:01:13 (1616 turns).

qw the Shield-Bearer (Gargoyle Fighter)             Turns: 1616, Time: 00:01:14

Health: -2/37      AC: 13    Str: 22    XL:     6   Next: 13%
Magic:  6/6        EV:  7    Int:  8    God:
Gold:   160        SH: 13    Dex:  9    Spells: 5/5 levels left

rFire   . . .        Y - +1 war axe
rCold   . . .        m - +0 tower shield
rNeg    + . .        b - +0 scale mail
rPois   inf          a - +0 helmet
rElec   +            g - +0 cloak
rCorr   .            (no gloves)
SInv    .            (no boots)
Will    .....        (no amulet) Stlth
                     (no ring)
HPRegen 0.26/turn    (no ring)
MPRegen 0.10/turn

%: no passive effects
@: no status effects
A: sickness immunity, AC +4, negative energy resistance 1, electricity
resistance, torment resistance 1, petrification resistance
a: no special abilities


You were on level 3 of the Dungeon.
You visited 1 branch of the dungeon, and saw 3 of its levels.

You collected 160 gold pieces.


Innate Abilities, Weirdness & Mutations

You are immune to sickness and miasma.
Your stone body is resilient. (AC +4)
You are immune to poison.
You resist negative energy. (rN+)
You are resistant to electric shocks. (rElec)
You are resistant to unholy torment.
You are immune to petrification.


   Skills:
 - Level 3.2 Fighting
 - Level 3.0 Axes
 - Level 3.2 Armour
 + Level 6.6 Shields


You had 5 spell levels left.
You didn't know any spells.
Your spell library was empty.

Inventory:

Hand Weapons
 i - a +0 flail
 Y - a +1 war axe (weapon)
Missiles
 n - 3 boomerangs (quivered)
Armour
 a - a +0 helmet (worn)
 b - a +0 scale mail (worn)
 g - a +0 cloak (worn)
 h - a +2 robe of cold resistance
 m - a +0 tower shield (worn)
 o - a +0 chain mail
Scrolls
 c - 3 scrolls of identify
 e - a scroll of teleportation {unknown}
 r - a scroll of vulnerability {unknown}
Potions
 d - 2 potions of might
 f - a potion of haste {unknown}
 j - a potion of degeneration {unknown}
 k - a potion of lignification {unknown}
 l - a potion of resistance
 p - a potion of curing {unknown}
 q - a potion of invisibility {unknown}

Dungeon Overview and Level Annotations

Branches:
Dungeon (3/15)

Altars:
Ashenzari
Xom


Message History

You block the orc's attack.
The orc priest looks encouraged for a moment.
An orc comes into view. It is wielding a +0 whip.
You block the orc's attack.
The orc shouts!
You hit the orc priest.
You kill the orc priest!
You hit the orc. You block the orc's attack.
You have reached level 6!
You hit the orc.
You kill the orc!
You hit the orc.
A ball python comes into view.
An orc priest comes into view. It is wielding a +0 short sword.
The orc barely misses you. You block the orc's attack.
The ball python moves out of view.
An orc wizard comes into view. It is wielding a +0 dagger.
You hit the orc.
You kill the orc!
The orc wizard gestures wildly while chanting.
The orc wizard flickers and vanishes!
Deactivating autopickup; reactivate with Ctrl-A.
The orc priest calls down the wrath of Beogh upon you.
Beogh smites you!
You hear an angry hiss.
1612 ||| Stepping ~*~*~tactically~*~*~ (hiding).
You hear a shout!
You swing at nothing.
The orc priest mumbles some strange prayers to Beogh against you.
Beogh smites you!
You hear a shout!
You hit the orc priest but do no damage.
You block the orc priest's attack.
You hit the orc priest.
The orc priest is moderately wounded.
The orc priest barely misses you.
The orc priest invokes the aid of Beogh against you.
Beogh smites you!
You die...

# #..#### #####
#..# ....# #..#
###.## #..#
###..####..##
###.........#
#########
....######.##
#........ #.###
#.#####.##### ..#
#......@....# ###
#.....)o###.#####
#....##..#.....o.
#.#.####....PPPP.
#.#.# ###.....o.
#..[# #.#####
##..## $# ##...##
S ##.....##### ..


You could see an orc priest and a ball python.

Vanquished Creatures
  2 orc priests (D:3)
  Jessica (D:2)
  Ijyb (D:3)
  An orc wizard (D:3)
  3 gnolls (D:3)
  2 adders
  2 worms (D:2)
  10 orcs (D:3)
  5 endoplasms
  2 giant cockroaches (D:2)
  4 goblins
  5 hobgoblins
  3 kobolds
  2 quokkas
  2 ball pythons (D:2)
  2 bats (D:2)
  4 frilled lizards
  8 rats
59 creatures vanquished.

Notes
Turn   | Place    | Note
-------+----------+-------------------------------------------
     0 | D:1      | qw the Gargoyle Fighter began the quest for the Orb.
     0 | D:1      | Reached XP level 1. HP: 14/14 MP: 1/1
     0 | D:1      | 0 ||| qw: Version: 0.2-a-108-gee2c290
     0 | D:1      | 0 ||| qw: Game counter: 1420
     0 | D:1      | 0 ||| qw: Always use a shield: true
     0 | D:1      | 0 ||| qw: God list: Okawaru
     0 | D:1      | 0 ||| qw: Allow faded altars: false
     0 | D:1      | 0 ||| qw: Do Orc after D:15 true
     0 | D:1      | 0 ||| qw: Do second Lair branch before Depths: true
     0 | D:1      | 0 ||| qw: Lair rune preference: random
     0 | D:1      | 0 ||| qw: Plans: Normal, Zot:1-4, Slime:5, God:TSO, Crypt,
                  | Tomb, Abyss, Pan, Hells, Win
     0 | D:1      | 0 ||| PLANNING D:1-11
   114 | D:1      | 114 ||| DROPPING +0 club.
   251 | D:1      | Reached XP level 2. HP: 15/19 MP: 2/2
   436 | D:1      | 436 ||| UPGRADING to +0 tower shield.
   446 | D:1      | 446 ||| DROPPING +0 buckler.
   447 | D:1      | 447 ||| READING scroll labelled TIACEQ BEMOPTUD.
   448 | D:1      | 448 ||| READING scroll labelled JYOLIMNEYC.
   449 | D:1      | 449 ||| READING scroll labelled IWNOOD OPSUCKA.
   450 | D:1      | 450 ||| READING scroll labelled WERPHY MEIB.
   525 | D:2      | 525 ||| Stepping ~*~*~tactically~*~*~ (stealth).
   535 | D:2      | 535 ||| Stepping ~*~*~tactically~*~*~ (stealth).
   546 | D:2      | Reached XP level 3. HP: 21/23 MP: 3/3
   589 | D:2      | Reached skill level 4 in Shields
   669 | D:2      | Noticed Jessica
   679 | D:2      | Killed Jessica
   680 | D:2      | Reached XP level 4. HP: 24/28 MP: 4/4
   721 | D:2      | 721 ||| Stepping ~*~*~tactically~*~*~ (stealth).
   912 | D:2      | Found a faded altar of an unknown god.
   975 | D:2      | 975 ||| UPGRADING to +0 helmet.
   980 | D:2      | 980 ||| UPGRADING to +0 cloak.
   985 | D:2      | 985 ||| READING scroll labelled FAUMMA OTIN.
   986 | D:2      | 986 ||| READING scroll labelled FESTRI CAANA.
   987 | D:2      | 987 ||| READING 2 scrolls of identify.
   987 | D:2      | 987 ||| IDENTIFYING grey potion
  1006 | D:3      | Found a shimmering altar of Xom.
  1057 | D:3      | 1057 ||| Stepping ~*~*~tactically~*~*~ (hiding).
  1069 | D:3      | HP: 5/28 [gnoll/+0 halberd (7)]
  1070 | D:3      | 1070 ||| DRINKING potion of heal wounds.
  1075 | D:3      | Reached skill level 5 in Shields
  1088 | D:3      | Reached skill level 3 in Axes
  1093 | D:3      | 1093 ||| FLEEEEING.
  1094 | D:3      | 1094 ||| FLEEEEING.
  1096 | D:3      | 1096 ||| FLEEEEING.
  1097 | D:3      | 1097 ||| FLEEEEING.
  1116 | D:3      | Reached XP level 5. HP: 28/32 MP: 5/5
  1128 | D:3      | 1128 ||| FLEEEEING.
  1129 | D:3      | 1129 ||| FLEEEEING.
  1133 | D:3      | 1133 ||| FLEEEEING.
  1134 | D:3      | 1134 ||| FLEEEEING.
  1263 | D:3      | HP: 6/32 [orc priest/+0 flail (5)]
  1268 | D:3      | Reached skill level 6 in Shields
  1445 | D:3      | 1445 ||| Stepping ~*~*~tactically~*~*~ (stealth).
  1459 | D:3      | Noticed Ijyb
  1510 | D:3      | Killed Ijyb
  1536 | D:3      | Found a broken altar of Ashenzari.
  1598 | D:3      | 1598 ||| Stepping ~*~*~tactically~*~*~ (hiding).
  1600 | D:3      | 1600 ||| Stepping ~*~*~tactically~*~*~ (stealth).
  1603 | D:3      | 1603 ||| Stepping ~*~*~tactically~*~*~ (stealth).
  1604 | D:3      | 1604 ||| Stepping ~*~*~tactically~*~*~ (stealth).
  1610 | D:3      | Reached XP level 6. HP: 31/37 MP: 6/6
  1612 | D:3      | 1612 ||| Stepping ~*~*~tactically~*~*~ (hiding).
  1616 | D:3      | Killed from afar by an orc priest

Levels and vault maps discovered:
D:1:      moated_graveyard_arrival, layout_rooms
D:2:      layout_rooms, shapermc_ecumenical_altar_starsandcircs, uniq_jessica
D:3:      layout_loops_ring, cheibrodos_ashenzari_chains, xom_butterflies,
          mainiacjoe_overflow_boulevard, uniq_ijyb

Skill      XL: |  1  2  3  4  5 |
---------------+----------------+-----
Axes           | 2 3 |  3.0
Shields        | 4 5 6 |  6.6
Fighting       | |  3.2
Armour         | |  3.2

Action                     |  1- 3 |  4- 6 || total
---------------------------+-------+-------++-------
  Melee: War axe           |    70 |   108 ||   178
  Throw: Boomerang         |       |    30 ||    30
    Use: Scroll            |     4 |     3 ||     7
         Potion            |       |     1 ||     1
 Armour: Scale mail        |    30 |    57 ||    87
  Dodge: Dodged            |    22 |    32 ||    54
  Block: Buckler           |    10 |       ||    10
         Tower shield      |    21 |    65 ||    86

Table legend:
 A = Non-vault XP
 B = Vault XP
 C = Vault XP percentage of total XP
 D = Non-vault monster count
 E = Vault monster count
 F = Vault count percentage of total count
                 A         B        C        D         E       F
            +---------+---------+-------+---------+---------+-------
      Total |     286 |      73 |  20.3 |      57 |       2 |   3.4
            +---------+---------+-------+---------+---------+-------
        D:1 |      17 |       0 |   0.0 |      10 |       0 |   0.0
        D:2 |      52 |      37 |  41.6 |      21 |       1 |   4.5
        D:3 |     217 |      36 |  14.2 |      26 |       1 |   3.7
            +---------+---------+-------+---------+---------+-------
